 Dungeon Crawl Stone Soup version 0.30-a0-341-g682706514a (webtiles) character file.

Game seed: 10894045710659191888

3490 bande the Cleaver (level 10, -1/61 HPs)
             Began as a Gargoyle Fighter on Nov 4, 2022.
             Was a Believer of Okawaru.
             Slain by a wolf (2 damage)
             ... led by Grum
             ... on level 8 of the Dungeon.
             The game lasted 00:16:03 (8306 turns).

bande the Cleaver (Gargoyle Fighter)                Turns: 8306, Time: 00:16:03

Health: -1/61      AC: 28    Str: 20    XL:     10   Next: 7%
Magic:  13/13      EV:  7    Int:  9    God:    Okawaru [**....]
Gold:   356        SH:  5    Dex: 13    Spells: 9/9 levels left

rFire   + . .      SeeInvis .    a - +1 war axe (flame)
rCold   . . .      Faith    .    c - +0 buckler
rNeg    + . .      Spirit   .    t - +0 chain mail
rPois   ∞          Reflect  .    i - +2 hat
rElec   +          Harm     .    (no cloak)
rCorr   .          Rampage  .    o - +4 pair of gloves of Enuetwuk {rPois rF+ Will+}
Will    +++..                    q - +0 pair of boots
Stlth   ..........               (no amulet)
HPRegen 0.30/turn                k - ring of willpower
MPRegen 0.13/turn                l - ring of willpower

@: flying
A: sickness immunity, AC +7, negative energy resistance 1, electricity
resistance, torment resistance 1, petrification resistance, big wings,
iridescent scales 1
a: Renounce Religion, Heroism


You were on level 8 of the Dungeon.
You worshipped Okawaru.
Okawaru was pleased with you.
You visited 2 branches of the dungeon, and saw 9 of its levels.

You collected 356 gold pieces.

Inventory:

Hand Weapons
 a - a +1 war axe of flaming (weapon)
Armour
 c - a +0 buckler (worn)
 f - a +0 helmet
 i - a +2 hat (worn)
 o - the +4 pair of gloves of Enuetwuk (worn) {rPois rF+ Will+}
   (You acquired it on level 4 of the Dungeon)

   rF:        It protects you from fire.
   rPois:     It protects you from poison.
   Will:      It increases your willpower.
 q - a +0 pair of boots (worn)
 t - a +0 chain mail (worn)
Jewellery
 b - a ring of magical power
 k - a ring of willpower (left hand)
 l - a ring of willpower (right hand)
 x - an amulet of magic regeneration
 y - a ring of ice
Wands
 n - a wand of quicksilver (7)
Scrolls
 e - 2 scrolls of identify
 m - 2 scrolls of amnesia
 p - a scroll of magic mapping
 u - 2 scrolls of fear
Potions
 d - a potion of might
 g - 5 potions of brilliance
 h - a potion of ambrosia
 j - 4 potions of curing
 r - 4 potions of mutation
 s - 3 potions of haste
 v - a potion of berserk rage
 w - a potion of cancellation {unknown}


   Skills:
 + Level 6.4 Fighting
 + Level 8.5 Axes
 + Level 6.5 Armour
 + Level 5.3 Shields
 * Level 4.1 Invocations
 * Level 4.9 Evocations


You had 9 spell levels left.
You didn't know any spells.
Your spell library contained the following spells:

 Spells                   Type           Power      Damage    Failure   Level
 Beastly Appendage        Tmut           0%         N/A       99%         1
 Kiss of Death            Conj/Necr      0%         2d5       99%         1
 Magic Dart               Conj           0%         1d3       99%         1
 Sting                    Tmut/Pois      0%         1d3       99%         1
 Poisonous Vapours        Pois/Air       0%         N/A       100%        2
 Wereblood                Tmut           0%         N/A       100%        2
 Confusing Touch          Hex            0%         N/A       100%        3
 Mephitic Cloud           Conj/Pois/Air  0%         N/A       100%        3
 Spider Form              Tmut/Pois      0%         N/A       100%        3
 Dispel Undead            Necr           0%         3d6       100%        4
 Olgreb's Toxic Radiance  Pois           0%         N/A       100%        4
 Call Imp                 Summ           Unusable   N/A       N/A         2

Dungeon Overview and Level Annotations

Branches:
Dungeon (8/15)             Temple (1/1) D:6
   Lair: D:8-11

Altars:
Ashenzari
Cheibriados
Elyvilon
Fedhas
Kikubaaqudgha
Makhleb
Okawaru
Qazlal
Ru
Uskayaw
Vehumet
Wu Jian
Yredelemnul
Zin

Annotations:
D:8 Grum


Innate Abilities, Weirdness & Mutations

You are immune to sickness and miasma.
Your stone body is resilient. (AC +7)
You are immune to poison.
You resist negative energy. (rN+)
You are resistant to electric shocks. (rElec)
You are resistant to unholy torment.
You are immune to petrification.
Your large and strong wings let you fly.
You are partially covered in iridescent scales. (AC +2)


Message History

The hornet is almost dead.
The hornet stings you but does no damage.
Grum hits you but does no damage.
A steam dragon comes into view.
You block the hornet's attack.
Unknown command.
The steam dragon hisses angrily.
You hit the hornet but do no damage.
The hornet is almost dead.
The hornet stings you but does no damage.
Grum hits you from afar with a +0 halberd!
* * * LOW HITPOINT WARNING * * *
The hornet stings you but does no damage.
Unknown command.
You barely miss the hornet.
The hornet is almost dead.
You block Grum's attack.
The hornet stings you but does no damage.
You miss the hornet.
The hornet is almost dead.
The hornet barely misses you.
Grum hits you from afar with a +0 halberd.
* * * LOW HITPOINT WARNING * * *
The hornet stings you.
* * * LOW HITPOINT WARNING * * *
You slash the hornet! You burn the hornet.
You kill the hornet!
Okawaru accepts your kill.
Grum hits you from afar with a +0 halberd!
* * * LOW HITPOINT WARNING * * *
Your Invocations skill increases to level 4!
You block the wolf's attack. The wolf bites you.
* * * LOW HITPOINT WARNING * * *
The wolf barely misses you. The wolf barely misses you.
The wolf attacks as you move away! The wolf bites you.
* * * LOW HITPOINT WARNING * * *
The wolf bites you.
You die...

############ #......
#############..........#
#.####.
##.............########.# #.#
#§ ...############# ##.###.##
#§ ##......# ######<......#
#≈
#.###..#########.......######
#≈ #.##.............####..#
#. #.###.#####.....## #..#
###. #.# #.# #####@#####..##
#.#. ..# #.#
#h#.......#####... .### #.#
###...#####.....#.## . #.#
###.g.### #.....#)#
.#####.#####...### #.....#)#
.......##..hh### #.....#)#
..# ##...D#### #.....#.#
#.###...### #.....#.#
..#...### #.......#


You could see Grum and a wolf.

Vanquished Creatures
  Maggie (D:7)
  A hornet (D:8)
  4 yaks
  Duvessa (D:5)
  4 ice beasts
  A wolf (D:8)
  A centaur (D:6)
  3 phantoms (D:4)
  A kobold brigand (D:7)
  A bullfrog (D:7)
  3 necrophages
  A scorpion (D:5)
  5 wights (D:7)
  Dowan (D:5)
  2 vampire bats (D:3)
  4 hounds
  2 orc priests
  A jelly (D:4)
  Crazy Yiuf (D:6)
  A gnoll bouda (D:7)
  An iguana (D:4)
  Natasha (D:4)
  5 orc wizards
  A scorpion zombie (D:4)
  A hound zombie (D:4)
  A hound skeleton (D:7)
  Robin (D:2)
  5 gnolls
  11 adders
  A river rat (D:4)
  2 white imps
  An ufetubus (D:4)
  2 worms (D:4)
  2 dart slugs
  19 orcs
  3 bat skeletons (D:3)
  2 bat zombies (D:3)
  8 endoplasms
  4 giant cockroaches
  14 goblins
  11 hobgoblins
  12 jackals
  13 kobolds
  7 quokkas
  8 ball pythons
  5 bats
  9 frilled lizards
  10 rats
199 creatures vanquished.

Vanquished Creatures (others)
  A withered plant (D:4)
1 creature vanquished.

Grand Total: 200 creatures vanquished

Notes
Turn   | Place    | Note
-------+----------+-------------------------------------------
     0 | D:1      | bande the Gargoyle Fighter began the quest for the Orb.
     0 | D:1      | Reached XP level 1. HP: 14/14 MP: 1/1
   105 | D:1      | Reached XP level 2. HP: 18/19 MP: 2/2
   439 | D:1      | Reached skill level 2 in Axes
   463 | D:1      | Reached XP level 3. HP: 24/24 MP: 3/3
   797 | D:2      | Reached XP level 4. HP: 29/29 MP: 4/4
   844 | D:2      | Noticed Robin
   864 | D:2      | Reached skill level 3 in Axes
   865 | D:2      | Killed Robin
   962 | D:2      | Reached XP level 5. HP: 33/33 MP: 5/5
  1663 | D:3      | Found an ancient bone altar of Kikubaaqudgha.
  1686 | D:3      | Reached XP level 6. HP: 38/38 MP: 6/6
  1737 | D:3      | Reached skill level 1 in Evocations
  2137 | D:3      | Found a blossoming altar of Fedhas.
  2484 | D:4      | Reached skill level 4 in Axes
  2494 | D:4      | Reached XP level 7. HP: 17/44 MP: 7/7
  2621 | D:4      | Identified a scroll of acquirement
  2621 | D:4      | Acquired the +4 pair of gloves of Enuetwuk {rPois rF+
                  | Will+}
  2783 | D:4      | Found a snail-covered altar of Cheibriados.
  2803 | D:4      | Identified the +1 leather armour of a wizard's laboratory
                  | {rF- Regen+ rCorr Dex+4}
  2820 | D:4      | Reached skill level 5 in Axes
  3222 | D:4      | Noticed Natasha
  3235 | D:4      | Killed Natasha
  3584 | D:5      | Entered Level 5 of the Dungeon
  3616 | D:5      | Gained mutation: You have large cloven feet. [potion of
                  | mutation]
  3616 | D:5      | Gained mutation: You expend magic power (3 MP) to
                  | strengthen your wands. [potion of mutation]
  3616 | D:5      | Gained mutation: You are frail. (-10% HP) [potion of
                  | mutation]
  3617 | D:5      | Lost mutation: You expend magic power (3 MP) to strengthen
                  | your wands. [potion of mutation]
  3617 | D:5      | Lost mutation: You are frail. (-10% HP) [potion of
                  | mutation]
  3617 | D:5      | Lost mutation: You have large cloven feet. [potion of
                  | mutation]
  3617 | D:5      | Gained mutation: Your large and strong wings let you fly.
                  | [potion of mutation]
  3617 | D:5      | Gained mutation: You are partially covered in iridescent
                  | scales. (AC +2) [potion of mutation]
  3689 | D:5      | Reached skill level 5 in Fighting
  3689 | D:5      | Reached XP level 8. HP: 49/49 MP: 8/8
  4028 | D:5      | Noticed Duvessa
  4028 | D:5      | Noticed Dowan
  4036 | D:5      | Killed Duvessa
  4037 | D:5      | Reached skill level 6 in Axes
  4037 | D:5      | Reached skill level 5 in Armour
  4038 | D:5      | Killed Dowan
  4765 | D:6      | Found a staircase to the Ecumenical Temple.
  4796 | Temple   | Entered the Ecumenical Temple
  4911 | Temple   | Became a worshipper of Warmaster Okawaru
  4976 | D:6      | Found a stormy altar of Qazlal.
  5372 | D:6      | Reached skill level 1 in Invocations
  5627 | D:6      | Found a runed translucent door.
  5628 | D:6      | Noticed Crazy Yiuf
  5637 | D:6      | Killed Crazy Yiuf
  5800 | D:7      | Found a burning altar of Makhleb.
  5815 | D:7      | Reached skill level 7 in Axes
  5840 | D:7      | Reached XP level 9. HP: 54/54 MP: 10/10
  5875 | D:7      | Reached * piety under Okawaru
  6388 | D:7      | Reached skill level 5 in Shields
  6433 | D:7      | Noticed Maggie
  6447 | D:6      | Reached skill level 8 in Axes
  7207 | D:7      | Killed Maggie
  7620 | D:7      | Reached ** piety under Okawaru
  8261 | D:8      | Noticed a hornet
  8263 | D:8      | Noticed Grum
  8268 | D:8      | Reached XP level 10. HP: 37/61 MP: 12/12
  8277 | D:8      | HP: 1/61 [Grum/+0 halberd (7)]
  8306 | D:8      | HP: 1/61 [wolf[Grum] (5)]
  8306 | D:8      | Slain by a wolf

Illustrated notes

Levels and vault maps discovered:
D:1:      minmay_arrival_up_and_down, layout_basic, minmay_misc_feat_plants,
          minmay_misc_feat_encased, minmay_lizard_pond
D:2:      layout_rooms, uniq_robin
D:3:      layout_basic, kennysheep_vampire_church, mainiacjoe_overflow_alcove_4,
          minmay_misc_feat_x
D:4:      layout_loops_cross, mainiacjoe_overflow_catwalk, serial_undead,
          serial_undead_e, serial_undead_f, serial_undead_f, serial_undead_d,
          portal_sewer_entry_b, hex_large, kennysheep_generic_room_11,
          uniq_natasha
D:5:      dreamdust_elfheim, layout_basic, serial_glass, glass_columns_b,
          glass_columns_a
D:6:      layout_loops_ring, nicolae_qazlal_general_emergency,
          minmay_temple_entry_antechambers, serial_rivers,
          chequers_serial_rivers_room_a, chequers_serial_rivers_micro_e,
          chequers_serial_rivers_room_a, chequers_serial_rivers_large_b,
          roderic_lattice_a, uniq_crazy_yiuf_cottage
D:7:      layout_layer_cave, makhleb_blood_cavern_becter,
          hangedman_decor_peaks_small, uniq_maggie
D:8:      minmay_the_grid_triangle_9x9_rhombus_full
          [minmay_the_grid_triangle_9x9_tough_junction,
          minmay_the_grid_triangle_9x9_checkered,
          minmay_the_grid_triangle_9x9_from_above,
          minmay_the_grid_triangle_9x9_thin_v,
          minmay_the_grid_triangle_9x9_sprig,
          minmay_the_grid_triangle_9x9_corruption,
          minmay_the_grid_triangle_9x9_pentomino_pain,
          minmay_the_grid_triangle_9x9_prize_insulated], layout_loops_ring,
          lemuel_round_altar, old_standard_altar,
          mainiacjoe_overflow_cross_hatched, corexii_corridor_pit, uniq_grum
Temple:   nicolae_temple_figure_zero

Skill      XL: |  1  2  3  4  5  6  7  8  9 10 |
---------------+-------------------------------+-----
Axes           | 2 3 4 5 7 8 |  8.5
Fighting       | 4 5 6 |  6.4
Shields        | 4 5 |  5.3
Armour         | 4 5 6 |  6.5
Evocations     | 1 2 3 4 |  4.9
Invocations    | 1 3 4 |  4.1

Action                   |  1- 3 |  4- 6 |  7- 9 | 10-12 || total
-------------------------+-------+-------+-------+-------++-------
Melee: War axe           |   117 |   187 |   339 |    10 ||   653
  Use: Scroll            |       |     5 |    12 |       ||    17
       Potion            |       |       |     2 |       ||     2
Armor: Scale mail        |    79 |   166 |    92 |       ||   337
       Chain mail        |       |       |   186 |    11 ||   197
Dodge: Dodged            |    94 |   130 |   130 |     6 ||   360
Block: Buckler           |    43 |    58 |    95 |     4 ||   200

Table legend: (Time is in decaauts)
 A = Elapsed time spent in this place.
 B = Non-inter-level travel time spent in this place.
 C = Inter-level travel time spent in this place.
 D = Time resting spent in this place.
 E = Time spent auto-exploring this place.
 F = Levels seen in this place.
 G = Mean time per level.
                   A        B        C        D        E       F      G
               +--------+--------+--------+--------+--------+-----+--------+
         Total |   8506 |   8387 |    119 |   1026 |   5390 |   9 |  945.1 |
       Dungeon |   8381 |   8271 |    110 |   1026 |   5279 |   8 | 1047.6 |
        Temple |    125 |    116 |      9 |      0 |    111 |   1 |  125.0 |
               +--------+--------+--------+--------+--------+-----+--------+

Top non-repeatable levels by time:
     D:6: 1749 daAuts
     D:7: 1688 daAuts
     D:4: 1234 daAuts
     D:3: 1141 daAuts
     D:5: 1009 daAuts
     D:1: 790 daAuts
     D:2: 572 daAuts
     D:8: 194 daAuts
  Temple: 125 daAuts
